 Dungeon Crawl Stone Soup version 0.23.2-33-g5129a83184 (webtiles) character file.

Game seed: 10835591545783728170

6106 funkygono the Basher (level 10, -1/61 HPs)
             Began as a Gargoyle Fighter on July 10, 2019.
             Was a Priest of Elyvilon.
             Slain by a death yak (19 damage)
             ... on level 10 of the Dungeon.
             The game lasted 00:22:04 (7637 turns).

funkygono the Basher (Gargoyle Fighter)             Turns: 7637, Time: 00:22:05

Health: -1/61      AC: 17    Str: 27    XL:     10   Next: 88%
Magic:  19/19      EV: 12    Int:  4    God:    Elyvilon [***...]
Gold:   420        SH: 12    Dex: 11    Spells: 9/9 levels left

rFire    . . .     SeeInvis .   i - +4 whip (slash)
rCold    + + +     Gourm    .   c - +0 shield
rNeg     + + +     Faith    .   h - +0 ring mail "Mautot" {rC+++ rN+ MP+9 Int-4}
rPois    ∞         Spirit   .   n - +0 helmet
rElec    +         Reflect  .   (no cloak)
rCorr    .         Harm     .   A - +1 pair of gloves
MR       .....                  (no boots)
Stlth    +.........             (no amulet)
HPRegen  0.20/turn              j - +2 ring of slaying
MPRegen  0.16/turn              x - ring of positive energy

@: mighty
A: negative energy resistance 1, electricity resistance, unbreathing,
petrification resistance, rot immunity, AC +7
a: Lesser Healing, Heal Other, Purification, Divine Protection, Renounce
Religion


You were on level 10 of the Dungeon.
You worshipped Elyvilon.
Elyvilon was most pleased with you.
You were not hungry.

You visited 2 branches of the dungeon, and saw 11 of its levels.
You also visited: Sewer.

You collected 420 gold pieces.

Inventory:

Hand Weapons
 a - a +0 flail
 i - a +4 whip of slashing (weapon)
 t - a +0 whip of freezing
 I - the +7 broad axe of Trauma {drain, rF+, unknown}
   (You found it on level 7 of the Dungeon)

   A truly terrible weapon, it drains the life of those it strikes.
   It protects you from fire.
   Elyvilon disapproves of the use of such an item.
Missiles
 e - 122 bolts
 o - 242 stones (quivered)
 p - 2 tomahawks
Armour
 b - a +0 scale mail
 c - a +0 shield (worn)
 h - the +0 ring mail "Mautot" (worn) {rC+++ rN+ MP+9 Int-4}
   (You acquired it on level 5 of the Dungeon)

   It affects your intelligence (-4).
   It renders you almost immune to cold.
   It protects you from negative energy.
   It affects your magic capacity (+9).
 n - a +0 helmet (worn)
 z - the -6 pair of boots "Layjytoe" {Dex+4}
   (You acquired it on level 6 of the Dungeon)

   It affects your dexterity (+4).
 A - a +1 pair of gloves (worn)
Jewellery
 j - a +2 ring of slaying (left hand)
 q - an uncursed ring of protection from magic
 u - a +3 ring of strength
 x - a ring of positive energy (right hand)
 H - an uncursed ring of protection from fire
Wands
 v - a wand of polymorph (6)
 K - a wand of paralysis (9)
 L - a wand of scattershot (1)
 M - a wand of acid (9)
Scrolls
 m - 3 scrolls of remove curse
 y - 2 scrolls of fog
 G - 2 scrolls of blinking
 N - a scroll of fear
Potions
 g - 3 potions of flight
 k - a potion of magic
 l - 4 potions of haste
 r - 2 potions of resistance {unknown}
 s - 3 potions of curing
 w - a potion of mutation {unknown}
 B - 2 potions of heal wounds
 C - a potion of brilliance {unknown}
 D - a potion of lignification {unknown}
 E - a potion of cancellation {unknown}
 F - 11 potions of degeneration
Comestibles
 f - 19 rations
 J - 5 chunks of flesh


   Skills:
 + Level 6.9 Fighting
 + Level 9.6 Maces & Flails
 + Level 6.9 Armour
 + Level 4.5 Dodging
 + Level 2.6 Stealth
 + Level 9.5 Shields
 + Level 1.7 Unarmed Combat
 + Level 0.8 Invocations


You had 9 spell levels left.
You didn't know any spells.
Your spell library was empty.

Dungeon Overview and Level Annotations

Branches:
Dungeon (10/15)            Temple (1/1) D:6            Lair (0/6) D:10
    Orc: D:9-12

Altars:
Ashenzari
Cheibriados
Dithmenos
Elyvilon
Fedhas
Gozag
Hepliaklqana
Kikubaaqudgha
Makhleb
Nemelex Xobeh
Okawaru
Qazlal
Sif Muna
Trog
Uskayaw
Vehumet
Wu Jian
Xom
Yredelemnul
Zin
The Shining One
Lugonu

Shops:
D:6 (   D:9 (


Innate Abilities, Weirdness & Mutations

You are resistant to torment.
Your stone body is resilient. (AC +7)
You are immune to poison.
You resist negative energy. (rN+)
You are resistant to electric shocks. (rElec)
You can survive without breathing.
You are immune to petrification.
You are immune to rotting.


Message History

You hit the death yak.
The death yak is lightly wounded.
The death yak gores you but does no damage.
You whack the death yak!
The death yak is moderately wounded.
You block the death yak's attack.
You whack the death yak!
The death yak is moderately wounded.
You whack the death yak!
The death yak is heavily wounded.
The death yak gores you but does no damage.
You whack the death yak!
The death yak is severely wounded.
You block the death yak's attack.
You hit the death yak.
The death yak is severely wounded.
You hit the death yak.
The death yak is almost dead.
The death yak gores you!!
You die... #............# ######))### .. ##.....÷...# ## . > .........#.# #.# .#.. ##.##......# #.# rr... #.##.#.#..##.# #rZ. ##.##........## #Yr

#...#.#.#.#.#.###Y# .
..........##...#@##....
#<..#.#.#.#.#.#.........
##.###.###.##.########.#
#.# ### #.##.# #.#
...#.# ... .. ... ### ##
#.# #.# ..#


You could see 2 death yaks, a porcupine, 3 river rats and a hound skeleton.

Vanquished Creatures
  A death yak (D:10)
  Pikel (D:4)
  Joseph (D:8)
  A troll (D:9)
  A hippogriff (D:8)
  Sigmund (D:2)
  A wyvern (D:8)
  Grum (D:8)
  A water moccasin (D:9)
  Duvessa (D:7)
  An ice beast (D:8)
  2 sky beasts
  2 necrophages (D:8)
  A centaur (D:7)
  2 ogres
  A phantom (D:8)
  2 wolves (D:8)
  8 big kobolds
  A bullfrog (D:9)
  Dowan (D:7)
  A scorpion (D:7)
  10 killer bees (D:9)
  9 wights
  3 howler monkeys (D:7)
  A bullfrog zombie (D:8)
  A crimson imp (D:5)
  4 hounds
  3 jellies
  A bullfrog skeleton (D:7)
  2 orc priests
  A centaur skeleton (D:6)
  Ijyb (D:3)
  2 iguanas
  An orc wizard (D:10)
  5 worker ants
  2 hound skeletons
  A worker ant zombie (D:7)
  6 gnolls
  19 adders
  3 river rats
  3 shadow imps
  3 oozes (Sewer)
  An adder zombie (D:7)
  An adder skeleton (D:9)
  5 worms
  5 dart slugs
  7 leopard geckos
  13 orcs
  5 ball pythons
  7 bats
  9 giant cockroaches
  8 goblins
  6 hobgoblins
  3 jackals (D:6)
  16 kobolds
  5 quokkas
  5 frilled lizards
  10 rats
219 creatures vanquished.

Vanquished Creatures (others)
  A howler monkey (D:4)
  An ooze (D:4)
  3 orcs (D:4)
  A fungus (D:6)
6 creatures vanquished.

Grand Total: 225 creatures vanquished

Notes
Turn   | Place    | Note
-------+----------+-------------------------------------------
     0 | D:1      | funkygono the Gargoyle Fighter began the quest for the Orb.
     0 | D:1      | Reached XP level 1. HP: 14/14 MP: 1/1
    46 | D:1      | Reached XP level 2. HP: 19/19 MP: 2/2
   316 | D:1      | Reached XP level 3. HP: 21/24 MP: 3/3
   891 | D:2      | Noticed Sigmund
   910 | D:2      | Killed Sigmund
   910 | D:2      | Reached XP level 4. HP: 22/29 MP: 4/4
   910 | D:2      | Reached XP level 5. HP: 25/33 MP: 5/5
  1103 | D:2      | Reached XP level 6. HP: 38/38 MP: 6/6
  1523 | D:3      | Found a snail-covered altar of Cheibriados.
  1594 | D:3      | Reached skill level 1 in Dodging
  1615 | D:3      | Reached skill level 5 in Shields
  1659 | D:3      | Reached XP level 7. HP: 28/44 MP: 7/7
  2008 | D:3      | Noticed Ijyb
  2020 | D:3      | Killed Ijyb
  2139 | D:3      | Found a burning altar of Makhleb.
  2141 | D:3      | Found a glowing silver altar of Zin.
  2141 | D:3      | Noticed an angel
  2141 | D:3      | Noticed a blizzard demon
  2418 | D:4      | Noticed Pikel
  2448 | D:4      | Killed Pikel
  2448 | D:4      | Reached skill level 5 in Fighting
  2448 | D:4      | Reached skill level 5 in Maces & Flails
  2448 | D:4      | Reached skill level 5 in Armour
  2448 | D:4      | Reached skill level 1 in Stealth
  2448 | D:4      | Reached XP level 8. HP: 42/49 MP: 8/8
  3060 | D:5      | Entered Level 5 of the Dungeon
  3076 | D:5      | Found an ornate altar of the Wu Jian Council.
  3488 | D:5      | Identified a scroll of acquirement
  3489 | D:5      | Got a transparent ring mail
  3500 | D:5      | Identified the +0 ring mail "Mautot" {rC+++ rN+ MP+9 Int-4}
                  | (You acquired it on level 5 of the Dungeon)
  3598 | D:6      | Found a glowing drain.
  3598 | D:6      | Found a blossoming altar of Fedhas.
  3716 | Sewer    | Entered a sewer
  4005 | Sewer    | Reached XP level 9. HP: 52/54 MP: 9/9
  4528 | D:6      | Found a stormy altar of Qazlal.
  4683 | D:6      | Found Ibeyps's Antique Weapon Shoppe.
  4707 | D:6      | Found a staircase to the Ecumenical Temple.
  4716 | Temple   | Entered the Ecumenical Temple
  4801 | Temple   | Became a worshipper of Elyvilon the Healer
  4895 | D:6      | Found a shadowy altar of Dithmenos.
  4957 | D:6      | Got a pair of faintly humming boots
  4963 | D:6      | Identified the -6 pair of boots "Layjytoe" {Dex+4} (You
                  | acquired it on level 6 of the Dungeon)
  5164 | D:7      | Reached * piety under Elyvilon
  5191 | D:7      | Got a crystal broad axe
  5222 | D:7      | Noticed Dowan
  5223 | D:7      | Noticed Duvessa
  5238 | D:7      | Killed Duvessa
  5243 | D:7      | Killed Dowan
  5458 | D:7      | Found a deep blue altar of Sif Muna.
  6203 | D:8      | Reached ** piety under Elyvilon
  6381 | D:8      | Reached XP level 10. HP: 56/60 MP: 10/10
  6565 | D:8      | Noticed Grum
  6576 | D:8      | Killed Grum
  6625 | D:8      | Noticed Joseph
  6660 | D:8      | Killed Joseph
  6660 | D:8      | Reached skill level 1 in Unarmed Combat
  7001 | D:9      | Reached *** piety under Elyvilon
  7084 | D:9      | Found an iron altar of Okawaru.
  7085 | D:9      | Found a radiant altar of Vehumet.
  7086 | D:9      | Found a hide-covered altar of Uskayaw.
  7088 | D:9      | Found a shimmering altar of Xom.
  7088 | D:9      | Found an opulent altar of Gozag.
  7089 | D:9      | Found an ancient bone altar of Kikubaaqudgha.
  7182 | D:9      | Found a burning altar of Makhleb.
  7259 | D:9      | Found Tiziral's Antique Weapon Emporium.
  7556 | D:10     | Entered Level 10 of the Dungeon
  7605 | D:10     | Noticed a death yak
  7606 | D:10     | Found a staircase to the Lair.
  7608 | D:10     | Noticed a death yak
  7609 | D:10     | Noticed a death yak
  7628 | D:10     | Killed a death yak
  7637 | D:10     | Slain by a death yak

Skill      XL: |  1  2  3  4  5  6  7  8  9 10 |
---------------+-------------------------------+-----
Fighting       | 4 5 6 |  6.9
Maces & Flails | 3 4 5 7 8 9 |  9.6
Armour         | 4 5 6 |  6.9
Shields        | 4 5 6 8 9 |  9.5
Dodging        | 1 2 3 4 |  4.5
Stealth        | 1 2 |  2.6
Unarmed Combat | 1 |  1.7
Invocations    | |  0.8

Action                   |  1- 3 |  4- 6 |  7- 9 | 10-12 || total
-------------------------+-------+-------+-------+-------++-------
Melee: Flail             |    19 |       |       |       ||    19
       Whip              |    52 |   110 |   542 |   225 ||   929
       Unarmed           |       |       |     3 |    14 ||    17
Invok: Lesser Healing    |       |       |       |     1 ||     1
       Heal Other        |       |       |       |     1 ||     1
  Use: Scroll            |     2 |     3 |     8 |     2 ||    15
       Potion            |       |       |     1 |     3 ||     4
  Eat: Chunk             |       |     3 |    15 |     5 ||    23
Armor: Scale mail        |    29 |    39 |    48 |       ||   116
       Ring mail         |       |       |   109 |    72 ||   181
       Skin              |       |       |       |     5 ||     5
Dodge: Dodged            |    24 |    23 |   119 |    59 ||   225
Block: Shield            |    25 |    50 |   181 |   104 ||   360
